 Dungeon Crawl Stone Soup version 0.27-a0-406-g23f261fbd2 (webtiles) character file.

Game seed: 1339633389731928879

82231 wakim the Unseen (level 15, -6/80 HPs)
             Began as a Spriggan Enchanter on Feb 22, 2021.
             Was an Elder of Uskayaw.
             Hit by a large rock thrown by a cyclops (16 damage)
             ... on level 15 of the Dungeon.
             The game lasted 01:52:43 (28758 turns).

wakim the Unseen (Spriggan Enchanter)              Turns: 28758, Time: 01:52:44

Health: -6/80      AC: 10    Str:  8    XL:     15   Next: 28%
Magic:  27/30      EV: 32    Int: 21    God:    Uskayaw [****..]
Gold:   2253       SH:  0    Dex: 21    Spells: 27/35 levels left

rFire    + + .     SeeInvis +   b - +8 dagger "Casidial" {venom, *Drain rElec Str+4 Int+3}
rCold    . . .     Faith    +   (shield restricted)
rNeg     . . .     Spirit   .   w - +0 robe "Zimofioj" {rF+ SInv}
rPois    .         Reflect  .   v - +2 hat
rElec    +         Harm     .   u - +1 cloak
rCorr    .         Rampage  .   (gloves unavailable)
Will     ++...                  (boots unavailable)
Stlth    +++++++...             E - amulet of faith
HPRegen  0.23/turn              t - +4 ring of protection
MPRegen  0.22/turn              y - ring of protection from fire

@: very quick
A: very small, unfitting armour, see invisible, speed 3
a: Renounce Religion, Stomp, Line Pass


You were on level 15 of the Dungeon.
You worshipped Uskayaw.
Uskayaw was aware of your devotion.
You visited 3 branches of the dungeon, and saw 22 of its levels.

You collected 2659 gold pieces.
You spent 406 gold pieces at shops.

Inventory:

Hand Weapons
 a - a +1 rapier
 b - the +8 dagger "Casidial" (weapon) {venom, *Drain rElec Str+4 Int+3}
   (You found it on level 11 of the Dungeon)

   It poisons the flesh of those it strikes.
   It affects your strength (+4).
   It affects your intelligence (+3).
   It insulates you from electricity.
   It causes draining when unequipped.
Missiles
 s - 2 throwing nets
Armour
 u - a +1 cloak (worn)
 v - a +2 hat (worn)
 w - the +0 robe "Zimofioj" (worn) {rF+ SInv}
   (You bought it in a shop on level 6 of the Dungeon)

   It protects you from fire.
   It lets you see invisible.
Jewellery
 t - a +4 ring of protection (left hand)
 y - a ring of protection from fire (right hand)
 B - a +4 ring of evasion
 D - the ring of Riaducov {*Slow rC+ Dex+4 Slay+2}
   (You found it on level 2 of the Lair of Beasts)

   [ring of protection from cold]

   It affects your dexterity (+4).
   It affects your accuracy and damage with ranged weapons and melee attacks
   (+2).
   It protects you from cold.
   It may slow you when you take damage.
 E - an amulet of faith (around neck)
Wands
 i - a wand of flame (32)
 A - a wand of paralysis (23)
 C - a wand of digging (6)
 F - a wand of mindburst (28)
 J - a wand of polymorph (5)
Scrolls
 f - 4 scrolls of enchant weapon
 g - 6 scrolls of identify
 h - 9 scrolls of teleportation
 m - 2 scrolls of blinking
 n - 3 scrolls of enchant armour
 q - 3 scrolls of magic mapping
 G - a scroll of summoning
 H - a scroll of amnesia
 I - 2 scrolls of immolation
Potions
 c - 5 potions of curing
 d - a potion of haste
 e - 2 potions of heal wounds
 j - 2 potions of invisibility
 k - 2 potions of magic
 l - 2 potions of flight
 o - 5 potions of brilliance
 p - 3 potions of cancellation
 r - 4 potions of might
 x - a potion of ambrosia
 z - a potion of resistance
 K - a potion of berserk rage


   Skills:
 + Level 9.8 Fighting
 + Level 10.4 Short Blades
 + Level 2.1 Armour
 * Level 12.8 Dodging
 * Level 16.8 Stealth
 * Level 10.5 Spellcasting
 + Level 12.0 Hexes
 - Level 6.0 Ice Magic
 + Level 10.3 Invocations


You had 27 spell levels left.
You knew the following spells:

 Your Spells              Type           Power        Failure   Level
b - Ensorcelled Hibernat  Hex/Ice        98%          1%          2
c - Confusing Touch       Hex            57%          1%          3
d - Tukima's Dance        Hex            57%          1%          3

Your spell library contained the following spells:

 Spells                   Type           Power        Failure   Level
 Corona                   Hex            63%          1%          1
 Slow                     Hex            57%          1%          2
 Dazzling Flash           Conj/Hex       72%          1%          3
 Fulminant Prism          Conj/Hex       18%          5%          4
 Leda's Liquefaction      Hex/Erth       18%          5%          4
 Animate Skeleton         Necr           22%          6%          1
 Apportation              Tloc           22%          6%          1
 Beastly Appendage        Tmut           22%          6%          1
 Magic Dart               Conj           44%          6%          1
 Pain                     Necr           44%          6%          1
 Shock                    Conj/Air       44%          6%          1
 Summon Small Mammal      Summ           44%          6%          1
 Blink                    Tloc           N/A          10%         2
 Call Imp                 Summ           11%          10%         2
 Searing Ray              Conj           22%          10%         2
 Swiftness                Air            11%          10%         2
 Wereblood                Tmut           11%          10%         2
 Conjure Flame            Conj/Fire      11%          19%         3
 Gell's Gravitas          Tloc           5%           19%         3
 Lesser Beckoning         Tloc           5%           19%         3
 Mephitic Cloud           Conj/Pois/Air  11%          19%         3
 Spider Form              Tmut/Pois      5%           19%         3
 Static Discharge         Conj/Air       11%          19%         3
 Teleport Other           Tloc           11%          19%         3
 Vampiric Draining        Necr           5%           19%         3
 Ice Form                 Ice/Tmut       23%          19%         4
 Airstrike                Air            5%           52%         4
 Animate Armour           Summ/Erth      22%          52%         4
 Animate Dead             Necr           5%           52%         4
 Iskenderun's Mystic Bla  Conj/Tloc      11%          52%         4
 Manifold Assault         Tloc           11%          52%         4
 Agony                    Necr           11%          86%         5
 Blade Hands              Tmut           5%           86%         5
 Bolt of Magma            Conj/Fire/Erth 5%           86%         5
 Irradiate                Conj/Tmut      5%           86%         5
 Lightning Bolt           Conj/Air       5%           86%         5
 Hydra Form               Tmut           5%           100%        6
 Iron Shot                Conj/Erth      5%           100%        6
 Statue Form              Tmut/Erth      7%           100%        6
 Dragon Form              Tmut           5%           100%        7
 Shatter                  Erth           5%           100%        9


Dungeon Overview and Level Annotations

Branches:
Dungeon (15/15)            Temple (1/1) D:4            Lair (6/6) D:10
  Swamp (0/4) Lair:3       Spider (0/4) Lair:4        Slime (0/5) Lair:6
    Orc (0/2) D:11         Vaults (0/5) D:13
 Depths: D:15

Altars:
Ashenzari
Dithmenos
Makhleb
Okawaru
Qazlal
Sif Muna
Uskayaw
Beogh
Jiyva

Shops:
D:4 (   D:5 *   D:6 [   D:12 !

Portals:
Hell: Lair:6

Annotations:
D:10 Gastronok


Innate Abilities, Weirdness & Mutations

You are very small and have problems with some larger weapons.
You are too small for most types of armour.
You have supernaturally acute eyesight. (SInv)
You cover ground extremely quickly.


Message History

A cyclops comes into view.
The cyclops shouts!
The skeletal warrior hits you with a +0 dire flail.
The helpless skeletal warrior fails to defend itself.
You spit the skeletal warrior like a pig!!!!!
You destroy the skeletal warrior!
Uskayaw will force your foes to share their pain.
Uskayaw links your audience in an emotional bond!
The skeletal warrior is no longer paralysed.
The skeletal warrior completely misses you.
Casting: Ensorcelled Hibernation (safe; 1% risk of failure)
Confirm with . or Enter, or press ? or * to list all spells.
Your hands begin to glow red.
The skeletal warrior barely misses you.
The skeletal warrior hits you with a +0 scimitar!
You hit the skeletal warrior but do no damage.
The skeletal warrior completely misses you.
You completely miss the skeletal warrior.
The skeletal warrior misses you.
The skeletal warrior completely misses you.
You hit the skeletal warrior but do no damage.
The skeletal warrior appears confused.
You completely miss the skeletal warrior.
The skeletal warrior closely misses you.
The skeletal warrior hits you with a +0 scimitar!
You catch the helpless skeletal warrior completely off-guard!
You perforate the skeletal warrior like a sieve!!!
The skeletal warrior is almost destroyed.
The cyclops is no longer sharing its pain.
The skeletal warrior is no longer sharing its pain. x3
You puncture the skeletal warrior!
The skeletal warrior is almost destroyed.
You catch the helpless skeletal warrior completely off-guard!
You skewer the skeletal warrior like a kebab!!!
You destroy the skeletal warrior!
The skeletal warrior hits you from afar with a +0 glaive!!
* * * LOW HITPOINT WARNING * * *
The skeletal warrior hits you with a +0 scimitar!!
* * * LOW HITPOINT WARNING * * *
The cyclops throws a large rock.
The large rock hits you!
You die...

#≈≈≈≈≈≈##..........#####.###
#...####...........####....
...^........../......... ..
......................##
#...........#.$..[......
#...........##..†.....##
..(..##... #..........
..#### .. ###.......... ..#
#....@..##... ##
###)..).....# #..Cz.z....#
#..........# ##....###..#
#.#.## .## ###.# ###


You could see 2 skeletal warriors and a cyclops.

Vanquished Creatures
  4 vault guards (D:13)
  18 hydras
  3 boulder beetles (D:14)
  An ogre mage (D:14)
  A catoblepas (Lair:6)
  3 centaur warriors
  A tengu warrior (D:14)
  5 two-headed ogres
  5 death yaks (Lair:6)
  A queen ant (Lair:2)
  A fire crab (Lair:6)
  2 skeletal warriors (D:15)
  A sixfirhy (Lair:6)
  2 unseen horrors (D:14)
  An unseen horror (shapeshifter) (D:14)
  A wizard (Lair:6)
  A wolf spider zombie (D:15)
  2 deep elf pyromancers
  5 ugly things
  A wolf spider (D:13)
  A cyclops (D:14)
  2 centaur zombies (D:14)
  9 elephants (Lair:3)
  8 black mambas
  3 orange demons (Lair:6)
  15 cane toads
  4 rime drakes
  An efreet (D:14)
  A kobold demonologist (D:15)
  11 komodo dragons
  A hellwing (Lair:6)
  3 ice devils (Lair:6)
  3 trolls
  Prince Ribbit (D:5)
  A hornet (D:10)
  Grinder (D:5)
  2 polar bears
  4 dream sheep (Lair:6)
  13 blink frogs
  6 slime creatures (D:13)
  A meliai zombie (D:11)
  2 redbacks (Lair:4)
  A centaur simulacrum (D:15)
  Sigmund (D:2)
  A redback (shapeshifter) (D:14)
  3 shadows
  3 wraiths
  2 wyverns
  A vampire (D:15)
  Grum (Lair:1)
  56 yaks
  3 basilisks
  3 acid dragons
  3 soldier ants
  19 water moccasins
  4 hell hounds (Lair:6)
  7 orc warriors
  5 sky beasts
  4 black bears
  4 ice beasts
  5 ogres
  An eye of draining (D:14)
  11 wolves
  5 centaurs
  6 kobold brigands
  15 bullfrogs
  2 wyvern skeletons
  3 killer bees (D:11)
  4 scorpions
  25 wights
  5 howler monkeys
  4 bullfrog zombies
  8 hounds
  Crazy Yiuf (D:5)
  8 orc priests
  2 bullfrog skeletons
  5 jellies
  4 centaur skeletons
  Jessica (D:3)
  Natasha (thrice) (D:4)
  3 iguanas
  9 orc wizards
  4 hell rats (Lair:4)
  30 worker ants
  A hound skeleton (D:5)
  A howler monkey zombie (D:7)
  19 adders
  11 gnolls
  A shadow imp (D:8)
  17 white imps
  2 ufetubi
  An ooze (D:1)
  An adder zombie (D:8)
  4 worms
  5 leopard geckos
  53 orcs
  A ball python (D:4)
  3 giant cockroaches
  10 goblins
  9 hobgoblins
  10 jackals
  3 quokkas
  9 bats
  11 frilled lizards
  A giant cockroach zombie (D:6)
  A jackal skeleton (D:4)
  45 kobolds
  A quokka skeleton (D:5)
  6 rats
663 creatures vanquished.

Vanquished Creatures (others)
  79 fungi
  94 plants
173 creatures vanquished.

Grand Total: 836 creatures vanquished

Notes
Turn   | Place    | Note
-------+----------+-------------------------------------------
     0 | D:1      | wakim the Spriggan Enchanter began the quest for the Orb.
     0 | D:1      | Reached XP level 1. HP: 9/9 MP: 5/5
   590 | D:1      | Reached XP level 2. HP: 13/13 MP: 7/7
   593 | D:1      | Learned a level 2 spell: Ensorcelled Hibernation
  1045 | D:1      | Reached XP level 3. HP: 16/16 MP: 0/9
  1789 | D:2      | Learned a level 3 spell: Confusing Touch
  1793 | D:2      | Learned a level 3 spell: Tukima's Dance
  2034 | D:2      | Noticed Sigmund
  2287 | D:2      | Reached XP level 4. HP: 14/21 MP: 2/11
  2425 | D:2      | Killed Sigmund
  2426 | D:2      | Reached skill level 5 in Spellcasting
  2426 | D:2      | Reached skill level 5 in Hexes
  2426 | D:2      | Reached XP level 5. HP: 15/24 MP: 7/13
  2849 | D:2      | Noticed Jessica
  2851 | D:2      | Found a stormy altar of Qazlal.
  3171 | D:2      | Found an iron altar of Okawaru.
  3547 | D:2      | Reached XP level 6. HP: 27/28 MP: 14/14
  4144 | D:3      | Killed Jessica
  5129 | D:4      | Noticed a sky beast
  5154 | D:4      | Reached skill level 1 in Fighting
  5163 | D:4      | Reached skill level 5 in Stealth
  5194 | D:4      | Reached XP level 7. HP: 33/33 MP: 7/15
  5357 | D:4      | Reached skill level 6 in Stealth
  5762 | D:4      | Noticed Natasha
  5769 | D:4      | Killed Natasha
  5847 | D:4      | Reached skill level 7 in Stealth
  5909 | D:4      | Noticed Natasha
  5925 | D:4      | Killed Natasha
  5995 | D:4      | Reached XP level 8. HP: 39/39 MP: 13/16
  6090 | D:4      | Found Tuhiz's Antique Weapon Shop.
  6104 | D:4      | Found a staircase to the Ecumenical Temple.
  6120 | Temple   | Entered the Ecumenical Temple
  6143 | Temple   | Became a worshipper of Uskayaw the Reveller
  6301 | D:5      | Entered Level 5 of the Dungeon
  6322 | D:5      | Reached * piety under Uskayaw
  6551 | D:4      | Reached skill level 8 in Stealth
  6552 | D:4      | Reached ** piety under Uskayaw
  6654 | D:5      | Noticed Grinder
  6669 | D:5      | Killed Grinder
  6670 | D:5      | Reached skill level 5 in Dodging
  6695 | D:5      | Found a runed translucent door.
  6696 | D:5      | Noticed Crazy Yiuf
  6703 | D:5      | Killed Crazy Yiuf
  6731 | D:5      | Noticed Prince Ribbit
  6854 | D:4      | Noticed Natasha
  6860 | D:4      | Killed Natasha
  7028 | D:5      | Killed Prince Ribbit
  7029 | D:5      | Reached skill level 9 in Stealth
  7292 | D:5      | Found Fahaf's General Store.
  7532 | D:5      | Reached XP level 9. HP: 43/46 MP: 10/17
  8172 | D:6      | Found Jont's Antique Armour Shoppe.
  8180 | D:6      | Bought an embroidered hat for 224 gold pieces
  8180 | D:6      | Bought a heavily jewelled robe for 182 gold pieces
  8195 | D:6      | Identified the +0 robe "Zimofioj" {rF+ SInv} (You bought it
                  | in a shop on level 6 of the Dungeon)
  8234 | D:6      | Reached skill level 10 in Stealth
  9571 | D:7      | Reached skill level 5 in Fighting
 10048 | D:8      | Reached skill level 5 in Short Blades
 10048 | D:8      | Reached skill level 11 in Stealth
 10055 | D:8      | Reached *** piety under Uskayaw
 10733 | D:8      | Reached skill level 1 in Invocations
 11845 | D:9      | Reached skill level 12 in Stealth
 11973 | D:9      | Reached **** piety under Uskayaw
 12080 | D:9      | Reached XP level 10. HP: 51/51 MP: 1/19
 12505 | D:10     | Entered Level 10 of the Dungeon
 12783 | D:10     | Found a shadowy altar of Dithmenos.
 13195 | D:10     | Found a staircase to the Lair.
 13200 | D:10     | Noticed Gastronok
 13266 | D:10     | Reached ***** piety under Uskayaw
 13755 | D:10     | Noticed a two-headed ogre
 13764 | D:10     | Killed a two-headed ogre
 13889 | D:10     | Identified a scroll of acquirement
 13889 | D:10     | Acquired 854 gold pieces
 13937 | D:11     | Noticed a purple ugly thing
 13958 | D:11     | Killed a purple ugly thing
 13959 | D:11     | Reached XP level 11. HP: 55/55 MP: 18/24
 14042 | D:11     | Reached skill level 5 in Invocations
 14168 | D:11     | Got an ichor-stained dagger
 14169 | D:11     | Identified the +8 dagger "Casidial" {venom, *Drain rElec
                  | Str+4 Int+3} (You found it on level 11 of the Dungeon)
 14377 | D:11     | Noticed a two-headed ogre
 14396 | D:11     | Killed a two-headed ogre
 14575 | D:11     | Noticed a two-headed ogre
 14733 | D:11     | Killed a two-headed ogre
 15182 | D:11     | Found a staircase to the Orcish Mines.
 15189 | D:11     | Found a roughly hewn altar of Beogh.
 15303 | D:11     | Noticed a red ugly thing
 15308 | D:11     | Killed a red ugly thing
 15536 | Lair:1   | Entered Level 1 of the Lair of Beasts
 16030 | Lair:1   | Noticed Grum
 16037 | Lair:1   | Killed Grum
 16070 | Lair:1   | Reached XP level 12. HP: 61/61 MP: 25/25
 16435 | Lair:2   | Noticed a queen ant
 16447 | Lair:2   | Killed a queen ant
 16718 | Lair:2   | Got a steaming ring mail
 17123 | Lair:2   | Reached skill level 13 in Stealth
 17125 | Lair:2   | Got a scintillating silver ring
 17146 | Lair:2   | Identified the ring of Riaducov {*Slow rC+ Dex+4 Slay+2}
                  | (You found it on level 2 of the Lair of Beasts)
 17183 | Lair:2   | Reached skill level 10 in Hexes
 17637 | Lair:3   | Found a staircase to the Swamp.
 17935 | Lair:3   | Noticed a five-headed hydra
 17960 | Lair:3   | Killed a five-headed hydra
 19070 | Lair:3   | Noticed a five-headed hydra
 19122 | Lair:3   | Killed a five-headed hydra
 19281 | Lair:3   | Reached XP level 13. HP: 67/67 MP: 24/27
 20257 | Lair:4   | Reached skill level 5 in Ice Magic
 20494 | Lair:4   | Found a hole to the Spider Nest.
 21095 | Lair:5   | Reached skill level 10 in Short Blades
 21346 | Lair:5   | Reached skill level 14 in Stealth
 22017 | Lair:6   | Entered Level 6 of the Lair of Beasts
 22049 | Lair:6   | Reached skill level 10 in Dodging
 22597 | Lair:6   | Found a viscous altar of Jiyva.
 22597 | Lair:6   | Found a staircase to the Slime Pits.
 23131 | Lair:6   | Reached XP level 14. HP: 74/74 MP: 22/28
 23276 | Lair:6   | Reached skill level 15 in Stealth
 23321 | Lair:6   | Found a burning altar of Makhleb.
 23392 | Lair:6   | Reached skill level 10 in Spellcasting
 24882 | Lair:6   | Found a gateway to Hell.
 25389 | D:12     | Found Anehah's Distillery.
 26128 | D:13     | Found a gate to the Vaults.
 26333 | D:13     | Reached skill level 16 in Stealth
 26335 | D:13     | Reached skill level 1 in Armour
 26335 | D:13     | Reached skill level 10 in Invocations
 27464 | D:14     | Reached XP level 15. HP: 65/80 MP: 25/30
 27479 | D:14     | Reached ****** piety under Uskayaw
 28152 | D:14     | Found a shadowy altar of Dithmenos.
 28444 | D:15     | Entered Level 15 of the Dungeon
 28758 | D:15     | Hit by a large rock thrown by a cyclops

Illustrated notes

Levels and vault maps discovered:
D:1:      ebering_trefoil_3fold, layout_loops_ring, minmay_surrounded
D:2:      layout_loops_ring, grunt_qazlal_sundering, okawaru_altar_gauntlet_db,
          uniq_jessica, uniq_sigmund
D:3:      layout_basic, serial_aquarium, aquarium_bridge_square
          [aquarium_subvault_wall, aquarium_subvault_bridge,
          aquarium_subvault_wall, aquarium_subvault_window],
          aquarium_window_fake, aquarium_window_corner, aquarium_window_2,
          aquarium_view_2g, aquarium_pool_four, minmay_starry_boxes
D:4:      layout_layer_cave, minmay_temple_entry_poolview, serial_shops,
          nicolae_shop_trees, dk_rats_in_the_wall, uniq_natasha
D:5:      minmay_polygon_palace, layout_cave_pools, serial_shops, shop,
          minmay_misc_feat_tower, uniq_crazy_yiuf_cottage, uniq_prince_ribbit1,
          uniq_grinder
D:6:      layout_basic, serial_shops, shop
D:7:      nicolae_whirlpool, layout_rooms, serial_rivers,
          chequers_serial_rivers_small_3, chequers_serial_rivers_micro_c,
          chequers_serial_rivers_room_a, chequers_serial_rivers_small_3,
          chequers_serial_rivers_micro_d, minivault_26
D:8:      layout_gridville
D:9:      layout_basic, kennysheep_small_square
D:10:     layout_basic, due_lair_maze_entry_diamond, basic_altar, uniq_gastronok
D:11:     layout_cave_pools, minmay_orc_entry_temple_small
D:12:     layout_cave_pools, serial_shops, kennysheep_mini
D:13:     layout_gridville, lightli_vaults_fourway_checkpoint,
          serial_bayou_crossing
D:14:     minmay_the_grid_four_pointed_star
          [minmay_the_grid_triangle_9x9_odd_lines,
          minmay_the_grid_triangle_9x9_thin_v,
          minmay_the_grid_triangle_9x9_alien,
          minmay_the_grid_triangle_9x9_cache,
          minmay_the_grid_prize_four_corners_diamond_b], layout_gridville,
          nicolae_dithmenos_shadow_blocks
D:15:     grunt_enter_depths_hoard, layout_cave_pools,
          chequers_serial_rivers_micro_b, eino_small_chamber_without_monster,
          grunt_gozag_breadcrumbs, uniq_kirke
Temple:   roderic_octagonal_lattice_temple
Lair:1:   layout_roguey, st_stairs_12, uniq_grum
Lair:2:   layout_concentric_octagons, minmay_another_anthill
Lair:3:   layout_concentric_octagons, minmay_swamp_entry_reptiles,
          portal_ice_cave_entry_imps, lemuel_fruit_tree, grunt_megastairs_2,
          infiniplex_staircase_pool
Lair:4:   layout_cave_pods, spider_nest_entry_webs, grunt_megastairs_1
Lair:5:   layout_cave_shapes, grunt_megastairs_4
Lair:6:   evil_forest, layout_regular_city, slime_altar_1, serial_bayou_shore_a,
          lemuel_fruit_fields

Skill      XL: |  1  2  3  4  5  6  7  8  9 10 11 12 13 14 15 |
---------------+----------------------------------------------+-----
Spellcasting   | 3 4 5 8 9 10 | 10.5
Hexes          | 4 5 6 7 9 10 11 12 | 12.0
Ice Magic      | 2 3 4 5 6 |  6.0
Fighting       | 1 2 4 5 6 7 8 9 |  9.8
Dodging        | 3 4 5 6 7 8 10 12 | 12.8
Stealth        | 5 7 9 12 13 14 16 | 16.8
Short Blades   | 2 4 5 7 9 10 | 10.4
Invocations    | 2 4 7 8 9 10 | 10.3
Armour         | 1 2 |  2.1

Action                   |  1- 3 |  4- 6 |  7- 9 | 10-12 | 13-15 || total
-------------------------+-------+-------+-------+-------+-------++-------
Melee: Dagger            |    91 |   100 |    36 |   287 |   497 ||  1011
       Rapier            |       |       |   276 |   158 |       ||   434
 Cast: Corona            |     9 |       |       |       |       ||     9
       Ensorcelled Hiber |    34 |    78 |   139 |   160 |   197 ||   608
       Confusing Touch   |     1 |     2 |    25 |    38 |    29 ||    95
Invok: Line Pass         |       |       |       |     1 |       ||     1
  Use: Scroll            |       |       |     6 |    16 |     9 ||    31
       Potion            |       |       |       |     3 |       ||     3
 Stab: Sleeping          |    23 |    52 |   100 |   116 |   151 ||   442
       Distracted        |     1 |       |     1 |     1 |       ||     3
       Confused          |       |     3 |    25 |    32 |    26 ||    86
       Paralysed         |       |       |     2 |    28 |    44 ||    74
Armor: Robe              |     9 |    11 |    36 |    50 |    58 ||   164
Dodge: Dodged            |   102 |    73 |   267 |   455 |   435 ||  1332

Table legend: (Time is in decaauts)
 A = Elapsed time spent in this place.
 B = Non-inter-level travel time spent in this place.
 C = Inter-level travel time spent in this place.
 D = Time resting spent in this place.
 E = Time spent auto-exploring this place.
 F = Levels seen in this place.
 G = Mean time per level.
                   A        B        C        D        E       F      G
               +--------+--------+--------+--------+--------+-----+--------+
         Total |  22412 |  21827 |    585 |  10834 |   6096 |  22 | 1018.7 |
       Dungeon |  15049 |  14645 |    404 |   7171 |   4071 |  15 | 1003.3 |
        Temple |     25 |     16 |      9 |      0 |     11 |   1 |   25.0 |
          Lair |   7337 |   7166 |    171 |   3662 |   2013 |   6 | 1222.8 |
               +--------+--------+--------+--------+--------+-----+--------+

Top non-repeatable levels by time:
     D:1: 1757 daAuts
  Lair:6: 1578 daAuts
  Lair:2: 1550 daAuts
  Lair:3: 1523 daAuts
  Lair:5: 1439 daAuts
     D:2: 1415 daAuts
    D:11: 1301 daAuts
     D:4: 1269 daAuts
     D:8: 1209 daAuts
    D:10: 1144 daAuts
    D:13: 1084 daAuts
    D:14: 990 daAuts
     D:7: 963 daAuts
     D:6: 864 daAuts
     D:3: 863 daAuts
